 Dungeon Crawl Stone Soup version 0.30-a0-930-gb9d0489357 (webtiles) character file.

Game seed: 14515882095315547154

54 mopl the Vexing (level 3, 0/23 HPs)
             Began as an Octopode Hexslinger on Mar 23, 2023.
             Slain by an adder (2 damage)
             ... on level 2 of the Dungeon.
             The game lasted 00:02:00 (1566 turns).

mopl the Vexing (Octopode Hexslinger)               Turns: 1566, Time: 00:02:01

Health: 0/23       AC:  1    Str:  9    XL:     3   Next: 91%
Magic:  3/4        EV: 13    Int: 15    God:
Gold:   80         SH:  0    Dex: 14    Spells: 3/4 levels left

rFire   . . .      SeeInvis .    e - +0 shortbow
rCold   . . .      Faith    .    (shield currently unavailable)
rNeg    . . .      Spirit   .    (helmet restricted)
rPois   .          Reflect  .    (no amulet)
rElec   .          Rampage  .    (no ring)
rCorr   .                        (no ring)
Will    .....                    (no ring)
Stlth   ++                       (no ring)
HPRegen 0.23/turn                (no ring)
MPRegen 0.09/turn                (no ring)
                                 (no ring)
                                 (no ring)

@: no status effects
A: almost no armour, amphibious, 8 rings, camouflage 1, gelatinous body 1,
(nimble swimmer 1), tentacles
a: no special abilities


You were on level 2 of the Dungeon.
You visited 1 branch of the dungeon, and saw 3 of its levels.

You collected 80 gold pieces.

Inventory:

Hand Weapons
 a - a +1 sling
 e - a +0 shortbow (weapon)
 h - a +3 dagger
 p - a +0 lajatang
Magical Staves
 m - a staff of conjuration
Scrolls
 b - 2 scrolls of poison
 c - 2 scrolls of identify {unknown}
 f - a scroll of enchant weapon {unknown}
 j - 4 scrolls of teleportation {unknown}
 n - a scroll of silence {unknown}
 q - a scroll of butterflies {unknown}
Potions
 d - a potion of heal wounds
 g - a potion of degeneration {unknown}
 i - a potion of flight {unknown}
 k - a potion of curing
 l - a potion of mutation {unknown}
 o - a potion of attraction {unknown}


   Skills:
 - Level 1.0 Fighting
 * Level 3.5 Ranged Weapons
 - Level 2.0 Dodging
 - Level 1.0 Spellcasting
 + Level 3.6 Hexes


You had 3 spell levels left.
You knew the following spells:

 Your Spells              Type           Power      Damage    Failure   Level
a - Slow                  Hex            44%        N/A       5%          1

Your spell library contained the following spells:

 Spells                   Type           Power      Damage    Failure   Level
 Inner Flame              Hex/Fire       6%         N/A       34%         3
 Portal Projectile        Hex/Tloc       12%        N/A       34%         3
 Vhi's Electric Charge    Tloc/Air       0%         N/A       58%         3
 Cause Fear               Hex            5%         N/A       50%         4
 Arcjolt                  Conj/Air       0%         1d10      100%        5
 Maxwell's Capacitive Co  Air            0%         ∞         100%        8


Dungeon Overview and Level Annotations

Branches:
Dungeon (3/15)

Altars:


Innate Abilities, Weirdness & Mutations

You cannot wear most types of armour.
You are amphibious.
You can wear up to eight rings at the same time.
Your skin changes colour to match your surroundings (Stealth+).
Your rubbery body absorbs attacks. (AC +1, EV +1)
((You are camouflaged when in or above water. (Stealth+)))
You have tentacles for arms and can constrict up to eight enemies at once.


Message History

Aim: an adder (almost dead, slow, 40% to hit)
You shoot an arrow. The arrow hits the adder.
You kill the adder!
You feel sick. The adder closely misses you.
Unknown command.
Casting: Slow (safe; 5% risk of failure)
Confirm with . or Enter, or press ? or * to list all spells.
Aiming: Slow (safe; 5% risk of failure)
Press: ? - help, Shift-Dir - straight line, f - adder
Aim: an adder (chance to affect: 53%)
The adder seems to slow down.
You feel sick. The adder closely misses you.
Unknown command.
Fire: e) +0 shortbow
Press: ? - help, Shift-Dir - straight line, f/p - adder
Aim: an adder (slow, 40% to hit)
You shoot an arrow. The arrow hits the adder.
The adder is heavily wounded.
You feel sick. The adder barely misses you.
Unknown command.
Fire: e) +0 shortbow
Press: ? - help, Shift-Dir - straight line, f/p - adder
Aim: an adder (heavily wounded, slow, 40% to hit)
You shoot an arrow. The arrow barely misses the adder.
You feel sick.
You are no longer poisoned.
The adder closely misses you.
Fire: e) +0 shortbow
Press: ? - help, Shift-Dir - straight line, f/p - adder
Aim: an adder (heavily wounded, slow, 40% to hit)
You shoot an arrow. The arrow closely misses the adder.
The adder is no longer moving slowly.
The adder bites you.
* * * LOW HITPOINT WARNING * * *
The adder bites you but does no damage.
Fire: e) +0 shortbow
Press: ? - help, Shift-Dir - straight line, f/p - adder
Aim: an adder (heavily wounded, 40% to hit)
You shoot an arrow. The arrow hits the adder.
The adder is severely wounded.
The adder bites you.
You die...

#.#.# #....## #..<.........
###.#.###.#### ##.#.####....
.........)# ##.#.# ##...
.........######### ##..#.# ####
.##~~............###...#.#
##≈≈##~..)###.##.##......####
≈≈≈#≈≈#...# #....>......#...#
≈≈≈≈≈≈##..# ####S##......##.#
≈#≈≈≈#≈~..######@###...#.##.#
≈≈≈≈≈≈≈#.....##...###.##.##.#
≈#≈≈#≈##..##....#.....##.##.###
≈≈≈≈≈≈#...#####...######>.....#
##≈≈#≈#...# ##.## ######..#
.#≈##.....# #.# #.......#
..........######.# #.####)##
....#####........# #.# #.#
###.# ########## #.# #.#


You could see an adder.

Vanquished Creatures
  3 adders (D:2)
  A worm (D:2)
  A dart slug (D:2)
  4 endoplasms
  2 goblins (D:2)
  2 hobgoblins
  A kobold (D:2)
  A quokka (D:1)
  3 ball pythons
  A bat (D:1)
  2 frilled lizards
  3 rats (D:2)
24 creatures vanquished.

Notes
Turn   | Place    | Note
-------+----------+-------------------------------------------
     0 | D:1      | mopl the Octopode Hexslinger began the quest for the Orb.
     0 | D:1      | Reached XP level 1. HP: 13/13 MP: 2/2
   305 | D:1      | Reached XP level 2. HP: 18/18 MP: 3/3
   743 | D:2      | Reached skill level 3 in Ranged Weapons
   790 | D:2      | Reached XP level 3. HP: 23/23 MP: 4/4
  1566 | D:2      | Slain by an adder

Illustrated notes

Levels and vault maps discovered:
D:1:      mrwooster_arrival_statue, layout_rooms
D:2:      layout_loops_ring, minmay_misc_feat_tower, minivault_4
D:3:      layout_basic

Skill      XL: |  1  2 |
---------------+-------+-----
Ranged Weapons | 3 |  3.5
Fighting       | |  1.0
Dodging        | |  2.0
Spellcasting   | |  1.0
Hexes          | |  3.6

Action                     || total
---------------------------++-------
   Fire: Shortbow          ||    92
   Cast: Slow              ||    11
    Use: Potion            ||     2
 Armour: Skin              ||     2
  Dodge: Dodged            ||    41

Table legend: (Time is in decaauts)
 A = Elapsed time spent in this place.
 B = Non-inter-level travel time spent in this place.
 C = Inter-level travel time spent in this place.
 D = Time resting spent in this place.
 E = Time spent auto-exploring this place.
 F = Levels seen in this place.
 G = Mean time per level.
                   A        B        C        D        E       F      G
               +--------+--------+--------+--------+--------+-----+--------+
         Total |   1599 |   1520 |     79 |    262 |   1021 |   3 |  533.0 |
       Dungeon |   1599 |   1520 |     79 |    262 |   1021 |   3 |  533.0 |
               +--------+--------+--------+--------+--------+-----+--------+

Top non-repeatable levels by time:
     D:2: 1025 daAuts
     D:1: 522 daAuts
     D:3: 51 daAuts
